 Dungeon Crawl Stone Soup version 0.30-a0-540-g0af01429fa (webtiles) character file.

Game seed: 10900658480859432755

158 arthad the Covert (level 5, 0/47 HPs)
             Began as a Gnoll Delver on Dec 25, 2022.
             Slain by a bullfrog (8 damage)
             ... in a sewer.
             The game lasted 00:05:11 (828 turns).

arthad the Covert (Gnoll Delver)                     Turns: 828, Time: 00:05:12

Health: 0/47       AC:  3    Str: 11    XL:     5   Next: 39%
Magic:  7/7        EV: 13    Int: 12    God:
Gold:   0          SH:  0    Dex: 13    Spells: 7/7 levels left

rFire   . . .      SeeInvis .    a - +0 hand axe
rCold   . . .      Faith    .    (no shield)
rNeg    . . .      Spirit   .    b - +0 leather armour
rPois   .          Reflect  .    (no helmet)
rElec   .          Harm     .    (no cloak)
rCorr   .          Rampage  .    (no gloves)
Will    .....                    (no boots)
Stlth   ++++                     (no amulet)
HPRegen 0.27/turn                (no ring)
MPRegen 0.10/turn                (no ring)

@: weak-willed, flying
A: fangs 1, strong nose, distributed training
a: no special abilities


You were in a sewer.
You visited 1 branch of the dungeon, and saw 1 of its levels.
You also visited: Sewer.

Inventory:

Hand Weapons
 a - a +0 hand axe (weapon)
Armour
 b - a +0 leather armour (worn)
 k - a +3 leather armour of cold resistance
Jewellery
 d - a ring of protection from fire
Wands
 g - a wand of digging (3)
Scrolls
 c - a scroll of fog
 h - a scroll of teleportation
 i - 2 scrolls of blinking
Potions
 f - a potion of haste
 j - a potion of flight


   Skills:
 + Level 6.7 Fighting
 + Level 1.5 Short Blades
 + Level 1.5 Long Blades
 + Level 4.8 Axes
 + Level 1.5 Maces & Flails
 + Level 1.5 Polearms
 + Level 1.5 Staves
 + Level 1.5 Ranged Weapons
 + Level 1.5 Throwing
 + Level 1.5 Armour
 + Level 4.8 Dodging
 + Level 9.7 Stealth
 + Level 1.5 Shields
 + Level 1.5 Unarmed Combat
 + Level 1.5 Spellcasting
 + Level 1.2 Conjurations
 + Level 1.2 Hexes
 + Level 1.2 Summonings
 + Level 1.2 Necromancy
 + Level 1.2 Translocations
 + Level 1.2 Transmutations
 + Level 1.2 Fire Magic
 + Level 1.2 Ice Magic
 + Level 1.2 Air Magic
 + Level 1.2 Earth Magic
 + Level 1.2 Poison Magic
 + Level 1.7 Invocations
 + Level 1.5 Evocations


You had 7 spell levels left.
You didn't know any spells.
Your spell library was empty.

Dungeon Overview and Level Annotations

Branches:
Dungeon (5/15)              Sewer (1/1)
 Temple: D:4-7

Altars:
Dithmenos
Ru


Innate Abilities, Weirdness & Mutations

You have very sharp teeth.
Your uncanny sense of smell can sniff out nearby items.
Your experience applies equally to all skills.


Message History

j - 2 murky coppery potions The bullfrog barely misses you.
It was a potion of flight.
You feel very buoyant.
You fly up into the air.
The bullfrog barely misses you. The bullfrog misses you.
You hit the bullfrog. Your bite misses the bullfrog.
The bullfrog is moderately wounded.
The bullfrog barely misses you. The bullfrog closely misses you.
You barely miss the bullfrog.
The bullfrog is moderately wounded.
The bullfrog hits you.
You closely miss the bullfrog.
The bullfrog is moderately wounded.
The bullfrog barely misses you. The bullfrog hits you.
You hit the bullfrog. Your bite misses the bullfrog.
The bullfrog is moderately wounded.
The bullfrog hits you.
* * * LOW HITPOINT WARNING * * *
The bullfrog closely misses you.
You closely miss the bullfrog.
The bullfrog is moderately wounded.
The bullfrog hits you.
* * * LOW HITPOINT WARNING * * *
Okay, then.
As you read the scroll of fear, it crumbles to dust.
You assume a fearsome visage.
The bullfrog looks frightened!
You see here a scroll of blinking.
i - 2 scrolls of blinking (gained 1)
You see here a scroll labelled ANAFIFF MYUNG.
e - a scroll labelled ANAFIFF MYUNG You see here a +0 vorpal quarterstaff.
You see here a +3 leather armour of cold resistance.
k - a +3 leather armour of cold resistance The bullfrog hits you but does no damage.
As you read the scroll labelled ANAFIFF MYUNG, it crumbles to dust.
Your attack snaps the bullfrog out of its fear.
Magic quickly surges around you.
It was a scroll of vulnerability.
The bullfrog hits you!
You die...

#.~#~~~#.†##≈≈~≈≈##~~#~.~#
#~~#~###~~#≈≈~~.≈≈#~~##.~#
#~~#.#~~~##≈~.~~≈≈##~~#~~#
#~~#~#∩~~#≈~~~.~~≈≈#~.#~~#
#~~#.#~~~#≈~†.~.~≈≈#..#~~#
#~~#†##~~#~~~...~.≈#~~#~~#
#.~#.~#~.#~~~~....≈#~~#~~#
#~~#~~#~.#~.~$F..~≈#~~#~~#
#~.†.~#..##†.~@.~≈##~.#..#
#.~~~~#.††~.~~.~~≈#~~##~~#
#~.~.~###~~.~.~~≈##~.#~~~#
#######~###~~.~≈##~~.#~~##
#.~~~.#######~~~##~.#
#~.~~.~~~.~~~~.~#~~~#
##.~##÷~~~~~~~.##~~##
##~~##~~.~..~##~~~#
#~~.###~~.###~~~~#


You could see a bullfrog (weak-willed).

Vanquished Creatures
  A bullfrog (Sewer)
  5 adders
  8 endoplasms (Sewer)
  9 giant cockroaches
  5 quokkas (Sewer)
  9 ball pythons
  6 frilled lizards (Sewer)
  A rat (D:5)
44 creatures vanquished.

Notes
Turn   | Place    | Note
-------+----------+-------------------------------------------
     0 | D:5      | Reached skill level 9 in Stealth
     0 | D:5      | arthad the Gnoll Delver began the quest for the Orb.
     0 | D:5      | Reached XP level 1. HP: 23/23 MP: 1/1
     7 | D:5      | Found a sacrificial altar of Ru.
    39 | D:5      | Found a shadowy altar of Dithmenos.
    56 | D:5      | Found a glowing drain.
    64 | D:5      | Reached XP level 2. HP: 23/29 MP: 2/2
    94 | Sewer    | Entered a sewer
   186 | Sewer    | Reached XP level 3. HP: 32/35 MP: 3/3
   225 | Sewer    | Reached skill level 1 in Invocations
   287 | Sewer    | Reached skill level 1 in Short Blades
   287 | Sewer    | Reached skill level 1 in Long Blades
   287 | Sewer    | Reached skill level 1 in Maces & Flails
   287 | Sewer    | Reached skill level 1 in Polearms
   287 | Sewer    | Reached skill level 1 in Staves
   287 | Sewer    | Reached skill level 1 in Ranged Weapons
   287 | Sewer    | Reached skill level 1 in Throwing
   287 | Sewer    | Reached skill level 1 in Armour
   287 | Sewer    | Reached skill level 1 in Shields
   287 | Sewer    | Reached skill level 1 in Unarmed Combat
   287 | Sewer    | Reached skill level 1 in Spellcasting
   287 | Sewer    | Reached skill level 1 in Evocations
   377 | Sewer    | Reached XP level 4. HP: 9/41 MP: 5/5
   613 | Sewer    | Reached skill level 1 in Conjurations
   613 | Sewer    | Reached skill level 1 in Hexes
   613 | Sewer    | Reached skill level 1 in Summonings
   613 | Sewer    | Reached skill level 1 in Necromancy
   613 | Sewer    | Reached skill level 1 in Translocations
   613 | Sewer    | Reached skill level 1 in Transmutations
   613 | Sewer    | Reached skill level 1 in Fire Magic
   613 | Sewer    | Reached skill level 1 in Ice Magic
   613 | Sewer    | Reached skill level 1 in Air Magic
   613 | Sewer    | Reached skill level 1 in Earth Magic
   613 | Sewer    | Reached skill level 1 in Poison Magic
   790 | Sewer    | Noticed a bullfrog
   800 | Sewer    | Killed a bullfrog
   801 | Sewer    | Reached XP level 5. HP: 21/47 MP: 5/7
   828 | Sewer    | Slain by a bullfrog

Illustrated notes

Levels and vault maps discovered:
D:5:      layout_loops_ring, lemuel_crystal_altar, lemuel_round_altar,
          grunt_temple_overflow_open, portal_sewer_entry_a
Sewer:    sewer_frog_island_02

Skill      XL: |  1  2  3  4 |
---------------+-------------+-----
Stealth        | |  9.7
Invocations    | 1 |  1.7
Short Blades   | 1 |  1.5
Long Blades    | 1 |  1.5
Maces & Flails | 1 |  1.5
Polearms       | 1 |  1.5
Staves         | 1 |  1.5
Ranged Weapons | 1 |  1.5
Throwing       | 1 |  1.5
Armour         | 1 |  1.5
Shields        | 1 |  1.5
Unarmed Combat | 1 |  1.5
Spellcasting   | 1 |  1.5
Evocations     | 1 |  1.5
Conjurations   | 1 |  1.2
Hexes          | 1 |  1.2
Summonings     | 1 |  1.2
Necromancy     | 1 |  1.2
Translocations | 1 |  1.2
Transmutations | 1 |  1.2
Fire Magic     | 1 |  1.2
Ice Magic      | 1 |  1.2
Air Magic      | 1 |  1.2
Earth Magic    | 1 |  1.2
Poison Magic   | 1 |  1.2
Fighting       | |  6.7
Axes           | |  4.8
Dodging        | |  4.8

Action                   |  1- 3 |  4- 6 || total
-------------------------+-------+-------++-------
Melee: Hand axe          |    71 |    69 ||   140
       Punch             |     1 |     1 ||     2
       Bite              |     2 |     2 ||     4
  Use: Scroll            |     1 |     4 ||     5
       Potion            |       |     1 ||     1
 Stab: Sleeping          |     3 |     2 ||     5
       Distracted        |     1 |       ||     1
Armor: Leather armour    |    18 |    15 ||    33
Dodge: Dodged            |    49 |    50 ||    99

Table legend: (Time is in decaauts)
 A = Elapsed time spent in this place.
 B = Non-inter-level travel time spent in this place.
 C = Inter-level travel time spent in this place.
 D = Time resting spent in this place.
 E = Time spent auto-exploring this place.
 F = Levels seen in this place.
 G = Mean time per level.
                   A        B        C        D        E       F      G
               +--------+--------+--------+--------+--------+-----+--------+
         Total |    908 |    908 |      0 |    315 |    194 |   2 |  454.0 |
       Dungeon |     96 |     96 |      0 |     16 |      0 |   1 |   96.0 |
         Sewer |    812 |    812 |      0 |    299 |    194 |   1 |  812.0 |
               +--------+--------+--------+--------+--------+-----+--------+

Top non-repeatable levels by time:
   Sewer: 812 daAuts
     D:5: 96 daAuts
